 Dungeon Crawl Stone Soup version 0.17.0-24-gcfadda4 (webtiles) character file.

126 M4edhros the Sneak (level 5, -1/33 HPs)
             Began as an Octopode Artificer on Nov 16, 2015.
             Slain by a worker ant (7 damage)
             ... on level 4 of the Dungeon.
             The game lasted 00:02:36 (1407 turns).

M4edhros the Sneak (Octopode Artificer)             Turns: 1407, Time: 00:02:36

Health: -1/33      AC:  1    Str: 10    XL:     5   Next: 9%
Magic:  8/8        EV: 12    Int: 14    God:
Gold:   62         SH:  0    Dex: 14    Spells: 0 memorised, 4 levels left

rFire  . . .     SeeInvis .     f - +1 whip (flame)
rCold  . . .     Clarity  .     (no shield)
rNeg   . . .     SustAt   .     (helmet restricted)
rPois  .         Gourm    .     (no amulet)
rElec  .         Spirit   .     (no ring)
rCorr  .         Warding  .     (no ring)
rMut   .         Stasis   .     (no ring)
MR     .....                    (no ring)
Stlth  ++++......               (no ring)
                                (no ring)
                                (no ring)
                                (no ring)

@: lethally poisoned (-1 -> -20), not resistant to hostile enchantments,
stealthy
A: almost no armour, amphibious, 8 rings, constrict 8, camouflage 1, gelatinous
body 1
a: no special abilities


You were on level 4 of the Dungeon.
You were hungry.

You visited 1 branch of the dungeon, and saw 4 of its levels.

You collected 62 gold pieces.

Inventory:

Hand Weapons
 a - a +0 short sword
 f - a +1 whip of flaming (weapon)
Wands
 b - a wand of flame (12)
 c - a wand of enslavement (11)
 d - a wand of random effects (11)
Scrolls
 g - 2 scrolls of identify {unknown}
 h - 3 scrolls of noise {unknown}
 j - a scroll of fog {unknown}
Comestibles
 e - 3 bread rations


   Skills:
 - Level 1.0 Fighting
 - Level 1.0 Short Blades
 - Level 2.0 Dodging
 + Level 5.0 Stealth
 + Level 4.8 Evocations


You had 4 spell levels left.
You didn't know any spells.

Dungeon Overview and Level Annotations

Branches:
Dungeon (4/15)
 Temple: D:4-7

Altars:

Annotations:
D:4 Eustachio


Innate Abilities, Weirdness & Mutations

You cannot wear most types of armour.
You are amphibious.
You can wear up to eight rings at the same time.
You can use your tentacles to constrict eight enemies at once.
Your skin changes colour to match your surroundings (Stealth).
Your rubbery body absorbs attacks (AC +1).


Message History

You are poisoned.
The worker ant poisons you!
Eustachio mumbles some strange words.
Your river rat barely misses the worker ant.
Unknown command.
Unknown command.
Drink which item? (? for menu, Esc to quit)
It was a potion of poison.
That liquid tasted very nasty...
You are lethally poisoned!
You feel sick. The worker ant bites you.
* * * LOW HITPOINT WARNING * * *
Your river rat bites the worker ant.
The worker ant barely misses you.
You barely miss the worker ant. Your grab misses the worker ant.
The worker ant is severely wounded.
* * * LOW HITPOINT WARNING * * *
You feel sick.
Eustachio hits the worker ant but does no damage.
The worker ant bites you!
You die...

..#######..............(.....
#[....##.......#.....
.#######.....##......(##....
..........#####.......######
##........# #........#
..........####........#
###........#.........##
#............#######
#......ra@†......
........r@r.######
##........#.#
#...........#####
#.######..†....?. .
.......†..?....
...............
...............
...#.#.........


You could see a worker ant, the friendly Eustachio, a friendly river rat, a
friendly quokka and a friendly rat.

Vanquished Creatures
  2 adders (D:2)
  2 gnolls (D:3)
  A worm (D:2)
  A giant gecko (D:2)
  7 orcs
  A ball python (D:3)
  A bat (D:2)
  A giant cockroach (D:1)
  3 hobgoblins
  A jackal (D:4)
  3 goblins
  A quokka skeleton (D:4)
  5 rats
29 creatures vanquished.

Vanquished Creatures (collateral kills)
  A scorpion (D:4)
  Ijyb (D:2)
  A worker ant (D:4)
  A worm (D:4)
  A giant cockroach (D:4)
  2 jackals (D:4)
  A quokka (D:4)
  A quokka skeleton (D:4)
9 creatures vanquished.

Grand Total: 38 creatures vanquished

Notes
Turn   | Place    | Note
--------------------------------------------------------------
     0 | D:1      | M4edhros the Octopode Artificer began the quest for the Orb.
     0 | D:1      | Reached XP level 1. HP: 13/13 MP: 3/3
   178 | D:1      | Reached XP level 2. HP: 18/18 MP: 4/4
   261 | D:2      | Noticed Ijyb
   297 | D:2      | Killed Ijyb
   297 | D:2      | Reached XP level 3. HP: 2/23 MP: 5/5
   645 | D:2      | Reached skill level 4 in Evocations
   952 | D:3      | Reached XP level 4. HP: 9/28 MP: 7/7
  1367 | D:4      | Noticed Eustachio
  1403 | D:4      | Reached skill level 5 in Stealth
  1403 | D:4      | Reached XP level 5. HP: 16/33 MP: 8/8
  1407 | D:4      | Slain by a worker ant

Action                   |  1- 3 |  4- 6 || total
-------------------------+-------+-------++-------
Melee: Short sword       |    20 |       ||    20
       Whip              |    19 |    12 ||    31
Evoke: Wand              |     4 |     7 ||    11
  Use: Potion            |     2 |     1 ||     3
 Stab: Sleeping          |     9 |     1 ||    10
  Eat: Chunk             |       |     1 ||     1
